AoeStats
← tonytctang

Black Forest

507270016Analyzed
4v4 RM · 14d ago on Sep 17, 2026· 76m 29s· 8 players
Game mode
Random Map
Map size
Large (8 player)
Population
200
Speed
Normal
Resources
Standard
Victory
Conquest
Starting age
Dark Age
Ending age
Imperial Age
RankedLock teamsTeams togetherTeam positionsShared explorationLock speedFull tech treeHidden civsTurbo modeCheats
Victory
Defeat
🇹🇼 Khmer · Taiwan
1208
+14
🇬🇧 Wu · United Kingdom
1197
+15
🇹🇼 Magyars · Taiwan
1191
+15
🇦🇷 Persians · Argentina
1119
+19
🇭🇰 Turks · Hong Kong SAR China
1181
-16
🇨🇳 Mongols · China
1171
-16
🇨🇳 Mongols · China
1171
-16
🇨🇳 Romans · China
1162
-15
中国NO.1
1:33 Loom
11:57 Feudal Age
13:30 Double-Bit Axe
16:11 Castle Age
26:41 Bow Saw
26:50 Horse Collar
27:03 Stone Mining
29:11 Heavy Plow
29:05 Gold Mining
29:52 Stone Shaft Mining
30:28 Gold Shaft Mining
30:50 Fletching
31:00 Padded Archer Armor
31:39 Bodkin Arrow
32:02 Nomads
33:02 Ballistics
33:00 Leather Archer Armor
35:28 Imperial Age
33:34 Wheelbarrow
33:17 Husbandry
33:27 Bloodlines
34:51 Forging
34:41 Scale Mail Armor
34:47 Scale Barding Armor
34:05 Light Cavalry
34:58 Caravan
36:33 Conscription
35:35 Onager
35:40 Hussar
36:56 Bracer
37:32 Iron Casting
37:12 Chain Mail Armor
37:17 Chain Barding Armor
38:10 Hand Cart
38:12 Siege Onager
39:15 Drill
39:16 Capped Ram
40:11 Siege Ram
42:32 Elite Mangudai
50:39 Blast Furnace
50:10 Plate Mail Armor
57:37 Parthian Tactics
71:27 Chemistry
70:33 Siege Engineers
73:19 Elite Skirmisher
74:08 Thumb Ring
君临天下
9:21 Loom
13:55 Feudal Age
18:11 Castle Age
19:02 Stone Mining
24:04 Town Watch
28:01 Double-Bit Axe
27:59 Horse Collar
29:38 Gold Mining
33:10 Imperial Age
31:13 Bow Saw
31:17 Fletching
31:28 Padded Archer Armor
33:07 Ballistics
32:54 Nomads
33:38 Wheelbarrow
33:44 Gold Shaft Mining
33:09 Bodkin Arrow
33:14 Padded Archer Armor
33:16 Heavy Plow
34:41 Hand Cart
35:33 Conscription
35:27 Forging
35:23 Scale Barding Armor
36:21 Husbandry
36:31 Bloodlines
36:59 Light Cavalry
37:43 Bracer
37:58 Leather Archer Armor
38:27 Elite Mangudai
41:19 Chemistry
40:24 Hussar
41:45 Thumb Ring
42:05 Parthian Tactics
42:34 Iron Casting
42:20 Chain Barding Armor
47:04 Blast Furnace
46:25 Chain Barding Armor
56:14 Drill
56:08 Onager
59:50 Siege Onager
72:51 Fortified Wall
tonytctang
5:32 Loom
11:28 Feudal Age
12:03 Double-Bit Axe
12:00 Horse Collar
16:02 Stone Mining
18:37 Castle Age
20:57 Bow Saw
20:49 Heavy Plow
21:48 Gold Mining
26:33 Wheelbarrow
28:35 Hand Cart
32:58 Imperial Age
31:08 Town Watch
32:22 Gold Shaft Mining
32:44 Padded Archer Armor
32:35 Fletching
32:56 Forging
32:52 Scale Barding Armor
34:20 Conscription
34:03 Artillery
35:18 Two-Man Saw
34:37 Leather Archer Armor
37:18 Elite Janissary
40:54 Bloodlines
40:44 Husbandry
40:05 Heavy Camel Rider
42:04 Iron Casting
41:50 Chain Barding Armor
42:00 Ring Archer Armor
41:31 Scale Mail Armor
41:26 Bodkin Arrow
44:32 Blast Furnace
46:12 Plate Barding Armor
47:32 Chain Mail Armor
47:18 Bracer
48:51 Fortified Wall
48:52 Masonry
48:22 Treadmill Crane
49:03 Ballistics
48:39 Murder Holes
50:46 Bombard Tower
50:57 Architecture
59:59 Plate Mail Armor
65:47 Thumb Ring
MyGO.Soyo
0:29 Loom
K3L
4:07 Loom
10:25 Feudal Age
15:27 Castle Age
14:02 Double-Bit Axe
14:22 Horse Collar
16:30 Forging
21:02 Heavy Plow
21:19 Bow Saw
23:54 Wheelbarrow
23:34 Arson
23:55 Squires
24:28 Gold Mining
24:29 Stone Mining
25:09 Scale Mail Armor
25:53 Iron Casting
26:33 Chain Mail Armor
27:38 Hand Cart
30:18 Imperial Age
30:23 Gold Shaft Mining
32:58 Two-Man Saw
32:33 Caravan
33:44 Chemistry
37:07 Plate Mail Armor
37:38 Blast Furnace
37:31 Sitting Tiger
38:15 Stone Mining
38:35 Fletching
38:46 Padded Archer Armor
39:08 Conscription
39:28 Ballistics
39:04 Murder Holes
40:18 Bodkin Arrow
43:09 Pikeman
44:29 Bracer
44:42 Masonry
47:48 Halberdier
50:30 Elite Skirmisher
61:54 Leather Archer Armor
62:10 Architecture
69:15 Scale Barding Armor
75:29 Bloodlines
75:19 Husbandry
74:47 Heavy Hei Guang Cavalry
74:49 Light Cavalry
George
6:37 Loom
11:33 Feudal Age
15:56 Castle Age
14:01 Double-Bit Axe
14:31 Horse Collar
28:55 Wheelbarrow
33:48 Imperial Age
31:33 Husbandry
32:14 Scale Barding Armor
32:43 Bloodlines
34:11 Chain Barding Armor
33:56 Cavalier
35:35 Plate Barding Armor
36:25 Paladin
38:22 Bow Saw
39:11 Hand Cart
38:42 Town Watch
40:22 Gold Mining
43:35 Town Patrol
47:38 Thumb Ring
48:10 Gold Shaft Mining
51:27 Ballistics
51:34 Parthian Tactics
51:26 Heavy Cavalry Archer
52:00 Fletching
52:10 Padded Archer Armor
53:41 Chemistry
53:30 Bodkin Arrow
54:15 Bracer
57:00 Corvinian Army
58:04 Leather Archer Armor
57:54 Elite Magyar Huszar
58:42 Recurve Bow
61:30 Ring Archer Armor
63:05 Caravan
64:22 Conscription
65:53 Two-Man Saw
64:57 Heavy Plow
71:48 Siege Engineers
71:55 Masonry
71:25 Treadmill Crane
76:38 Hoardings
CyanCheese20019
0:27 Loom
14:41 Feudal Age
18:43 Castle Age
16:35 Double-Bit Axe
17:12 Horse Collar
20:08 Bow Saw
20:17 Horse Collar
28:47 Wheelbarrow
28:28 Gold Mining
28:34 Stone Mining
30:20 Gold Shaft Mining
30:41 Stone Shaft Mining
30:49 Hand Cart
34:39 Imperial Age
33:22 Coinage
32:56 Caravan
34:23 Scale Barding Armor
35:47 Chain Barding Armor
35:34 Heavy Plow
35:37 Husbandry
35:47 Bloodlines
34:58 Light Cavalry
36:04 Ballistics
36:44 Chemistry
35:51 Siege Engineers
36:47 Conscription
37:25 Plate Barding Armor
38:48 Crop Rotation
38:46 Double Crossbow
39:24 Elite Ballista Elephant
44:15 Fortified Wall
43:45 Light Cavalry
44:18 Fletching
44:29 Padded Archer Armor
44:41 Forging
44:21 Hussar
46:49 Coinage
46:55 Coinage
47:12 Bodkin Arrow
48:58 Banking
60:01 Town Watch
67:50 Bracer
68:07 Leather Archer Armor
70:51 Iron Casting
70:17 Scale Mail Armor
69:42 Pikeman
71:27 Chain Mail Armor
71:43 Ring Archer Armor
71:04 Elite Skirmisher
72:48 Halberdier
77:09 Blast Furnace
JuaNCaBj
0:29 Loom
18:21 Feudal Age
25:30 Castle Age
25:01 Double-Bit Axe
24:57 Horse Collar
27:17 Bow Saw
27:08 Heavy Plow
28:02 Gold Mining
35:29 Wheelbarrow
38:26 Imperial Age
36:39 Hand Cart
36:11 Town Watch
36:43 Stone Mining
39:10 Masonry
39:13 Padded Archer Armor
40:22 Fletching
40:03 Elite Skirmisher
40:49 Thumb Ring
41:00 Leather Archer Armor
41:51 Chemistry
41:16 Bodkin Arrow
42:19 Ballistics
42:49 Ring Archer Armor
48:24 Murder Holes
49:35 Conscription
50:37 Kamandaran
50:41 Light Cavalry
52:25 Heavy Camel Rider
53:06 Husbandry
53:16 Bloodlines
53:50 Scale Barding Armor
55:40 Chain Barding Armor
55:32 Forging
57:00 Plate Barding Armor
58:48 Iron Casting
61:08 Blast Furnace
71:30 Caravan
Connection lost

Rejoining the realm…

Still unreachable

The connection could not be restored.

Session expired

The server has moved on; the page needs a fresh start.